 Dungeon Crawl Stone Soup version 0.21-a0-634-gaf8bc5d (webtiles) character file.

30 sithsevirus the Covert (level 3, 0/25 HPs)
             Began as a Gnoll Wanderer on Dec 29, 2017.
             Succumbed to an adder's poison
             ... on level 2 of the Dungeon.
             The game lasted 00:06:14 (1419 turns).

sithsevirus the Covert (Gnoll Wanderer)             Turns: 1419, Time: 00:06:15

Health: 0/25       AC:  5    Str: 20    XL:     3   Next: 18%
Magic:  2/3        EV: 15    Int: 16    God:
Gold:   47         SH:  0    Dex: 17    Spells: 2/3 levels left

rFire    . . .     SeeInvis .   f - +0 dagger
rCold    . . .     Gourm    .   (no shield)
rNeg     . . .     Faith    .   h - +0 ring mail (curse)
rPois    .         Spirit   .   (no helmet)
rElec    .         Reflect  .   (no cloak)
rCorr    .         Harm     .   (no gloves)
MR       .....                  (no boots)
Stlth    +++++.....             (no amulet)
HPRegen  0.08/turn              (no ring)
MPRegen  0.08/turn              (no ring)

@: mighty, agile, lethally poisoned (0 -> -14)
A: distributed training, fangs 1, strong nose
a: no special abilities


You were on level 2 of the Dungeon.
You were near starving.

You visited 1 branch of the dungeon, and saw 2 of its levels.

You collected 47 gold pieces.

Inventory:

Hand Weapons
 e - a +0 club
 f - a +0 dagger (weapon)
 i - a +0 hunting sling
 o - a +0 hunting sling
Missiles
 k - 9 sling bullets
 s - 18 poisoned needles
Armour
 h - a cursed +0 ring mail (worn)
 j - a +0 buckler
 p - a +0 leather armour
Jewellery
 n - an uncursed ring of protection from fire {unknown}
 q - a cursed -3 ring of slaying {unknown}
Scrolls
 d - 2 scrolls of teleportation {unknown}
 r - a scroll of remove curse {unknown}
Potions
 c - a potion of lignification
 l - a potion of agility
 m - 2 potions of might
Books
 a - a book of Air

   Spells                             Type                      Level
   a - Shock                          Conjuration/Air              1
   b - Swiftness                      Charms/Air                   2
   c - Static Discharge               Conjuration/Air              3
   d - Airstrike                      Air                          4
   e - Lightning Bolt                 Conjuration/Air              5
 b - the Catalogue of Damage Dealing

   Spells                             Type                      Level
   a - Searing Ray                    Conjuration                  2
   b - Throw Frost                    Conjuration/Ice              2
Comestibles
 g - 4 rations


   Skills:
 + Level 0.6 Fighting
 + Level 0.6 Short Blades
 + Level 0.6 Long Blades
 + Level 0.6 Axes
 + Level 0.6 Maces & Flails
 + Level 0.6 Polearms
 + Level 0.6 Staves
 + Level 0.6 Slings
 + Level 0.6 Bows
 + Level 0.6 Crossbows
 + Level 0.6 Throwing
 + Level 0.6 Armour
 + Level 0.6 Dodging
 + Level 9.5 Stealth
 + Level 0.6 Shields
 + Level 4.5 Unarmed Combat
 + Level 0.6 Spellcasting
 + Level 0.4 Conjurations
 + Level 0.4 Hexes
 + Level 0.4 Charms
 + Level 0.4 Summonings
 + Level 0.4 Necromancy
 + Level 0.4 Translocations
 + Level 0.4 Transmutations
 + Level 0.4 Fire Magic
 + Level 0.4 Ice Magic
 + Level 5.4 Air Magic
 + Level 0.4 Earth Magic
 + Level 0.4 Poison Magic
 + Level 0.8 Invocations
 + Level 0.6 Evocations


You had 2 spell levels left.
You knew the following spells:

 Your Spells              Type           Power        Failure   Level  Hunger
a - Shock                 Conj/Air       #...         12%         1    ##.....


Dungeon Overview and Level Annotations

Branches:
Dungeon (2/15)

Altars:
The Shining One


Innate Abilities, Weirdness & Mutations

Your experience applies equally to all skills.
You have very sharp teeth.
Your uncanny sense of smell can sniff out nearby items.


Message History

The adder poisons you!
You hit the adder.
The adder is almost dead.
You feel sick. The adder bites you.
* * * LOW HITPOINT WARNING * * *
Your ring mail prevents you from hitting the adder.
Your bite misses the adder.
The adder is severely wounded.
* * * LOW HITPOINT WARNING * * *
You feel sick. The adder closely misses you. The adder bites you.
* * * LOW HITPOINT WARNING * * *
You are more poisoned.
The adder poisons you!
It was a potion of might.
You feel very mighty all of a sudden.
* * * LOW HITPOINT WARNING * * *
You feel sick. The adder barely misses you.
It was a potion of agility.
You feel agile all of a sudden.
You die...

......# #..... .....# ....#
.... ###.### ... #.....#
#....# āˆ† #.#.#.# .....#
#@#.# #.# ##...# #S#.# #.#
....#
#.....S#.#####.#####...
#......#.............PP
#......#..####.##...Pā‰ˆā‰ˆ
#....#.#..........#....
#....#.#.#.......##'...
#....#.#.#......##_##..
#....#.#.#.......###...


You could see 2 adders.

Vanquished Creatures
  An adder (D:2)
  4 hobgoblins
  2 jackals (D:1)
  A kobold (D:2)
  A ball python (D:1)
  3 bats
  A frilled lizard (D:1)
  4 goblins
  3 rats (D:1)
20 creatures vanquished.

Notes
Turn   | Place    | Note
-------+----------+-------------------------------------------
     0 | D:1      | Reached skill level 9 in Stealth
     0 | D:1      | sithsevirus the Gnoll Wanderer began the quest for the Orb.
     0 | D:1      | sithsevirus set off with: a book of Air, the Catalogue of Damage Dealing, a potion of lignification, a +0 robe, a +0 club, a +0 dagger, a ration
     0 | D:1      | Reached XP level 1. HP: 13/13 MP: 1/1
     1 | D:1      | Identified the Catalogue of Damage Dealing
   210 | D:1      | Reached XP level 2. HP: 10/19 MP: 2/2
   366 | D:1      | Learned a level 1 spell: Shock
   847 | D:2      | Found a glowing golden altar of the Shining One.
  1271 | D:2      | Reached XP level 3. HP: 25/25 MP: 0/3
  1418 | D:2      | HP: 1/25 [poisoned by an adder]
  1419 | D:2      | Succumbed to an adder's poison

Vault maps used:
D:1:      lightli_arrival_quake
D:2:      tso_oasis_becter, nemelex_spade_bored_becter

Skill      XL: | |
---------------+-+-----
Stealth        | |  9.5
Fighting       | |  0.6
Short Blades   | |  0.6
Long Blades    | |  0.6
Axes           | |  0.6
Maces & Flails | |  0.6
Polearms       | |  0.6
Staves         | |  0.6
Slings         | |  0.6
Bows           | |  0.6
Crossbows      | |  0.6
Throwing       | |  0.6
Armour         | |  0.6
Dodging        | |  0.6
Shields        | |  0.6
Unarmed Combat | |  4.5
Spellcasting   | |  0.6
Conjurations   | |  0.4
Hexes          | |  0.4
Charms         | |  0.4
Summonings     | |  0.4
Necromancy     | |  0.4
Translocations | |  0.4
Transmutations | |  0.4
Fire Magic     | |  0.4
Ice Magic      | |  0.4
Air Magic      | |  5.4
Earth Magic    | |  0.4
Poison Magic   | |  0.4
Invocations    | |  0.8
Evocations     | |  0.6

Action                   || total
-------------------------++-------
Melee: Dagger            ||    64
       Punch             ||     2
       Bite              ||     3
 Cast: Shock             ||    24
  Use: Potion            ||     2
 Stab: Sleeping          ||     3
  Eat: Chunk             ||     1
Armor: Ring mail         ||    23
Dodge: Dodged            ||    27

Table legend:
 A = Spawn XP
 B = Non-spawn XP
 C = Spawn XP percentage of total XP
 D = Spawn monster count
 E = Non-spawn monster count
 F = Spawn count percentage of total count
 G = Total turns spent on level
                    A         B        C        D         E        F      G
               +---------+---------+-------+---------+---------+-------+---------
         Total |       0 |      43 |   0.0 |       0 |      20 |   0.0 |  1419
               +---------+---------+-------+---------+---------+-------+---------
           D:1 |       0 |      22 |   0.0 |       0 |      15 |   0.0 |  1049
           D:2 |       0 |      21 |   0.0 |       0 |       5 |   0.0 |   370
               +---------+---------+-------+---------+---------+-------+---------
